 Dungeon Crawl Stone Soup version 0.30-a0-1075-gcd70e7a56d (webtiles) character file.

Game seed: 17589082728476971018

9 Esekla the Sneak (level 2, 21/21 HPs)
             Began as an Octopode Delver on Apr 14, 2023.
             Quit the game on level 5 of the Dungeon.
             The game lasted 00:01:32 (93 turns).

Esekla the Sneak (Octopode Delver)                    Turns: 93, Time: 00:01:33

Health: 21/21      AC:  1    Str: 11    XL:     2   Next: 16%
Magic:  2/2        EV: 13    Int: 12    God:
Gold:   19         SH:  0    Dex: 13    Spells: 1/1 levels left

rFire   . . .      SeeInvis .    a - +0 falchion
rCold   . . .      Faith    .    (no shield)
rNeg    . . .      Spirit   .    (helmet restricted)
rPois   .          Reflect  .    (no amulet)
rElec   .          Rampage  .    (no ring)
rCorr   .                        (no ring)
Will    .....                    (no ring)
Stlth   ++++                     (no ring)
HPRegen 0.23/turn                (no ring)
MPRegen 0.08/turn                (no ring)
                                 (no ring)
                                 (no ring)

@: no status effects
A: almost no armour, amphibious, 8 rings, camouflage 1, gelatinous body 1,
(nimble swimmer 1), tentacles
a: no special abilities


You were on level 5 of the Dungeon.
You visited 1 branch of the dungeon, and saw 1 of its levels.

You collected 19 gold pieces.

Inventory:

Hand Weapons
 a - a +0 falchion (weapon)
Wands
 f - a wand of digging (3)
 g - a wand of paralysis (8)
Scrolls
 b - a scroll of fog
 c - a scroll of identify {unknown}
 d - a scroll of fear
 h - a scroll of blinking {unknown}
Potions
 e - a potion of haste


   Skills:
 * Level 3.1 Fighting
 * Level 2.1 Long Blades
 * Level 2.1 Dodging
 + Level 6.9 Stealth
 * Level 0.2 Spellcasting


You had one spell level left.
You didn't know any spells.
Your spell library was empty.

Dungeon Overview and Level Annotations

Branches:
Dungeon (5/15)
 Temple: D:4-7

Altars:
Elyvilon
Zin
The Shining One


Innate Abilities, Weirdness & Mutations

You cannot wear most types of armour.
You are amphibious.
You can wear up to eight rings at the same time.
Your skin changes colour to match your surroundings (Stealth+).
Your rubbery body absorbs attacks. (AC +1, EV +1)
((You are camouflaged when in or above water. (Stealth+)))
You have tentacles for arms and can constrict up to eight enemies at once.


Message History

Press ? for a list of commands and other information.
Found a tapered ivory wand.
Found a stone staircase leading down.
Found a robe.
g - a wand of paralysis (8)
As you read the scroll of magic mapping, it crumbles to dust.
You feel aware of your surroundings.
You sensed 3 altars.
There is a stone staircase leading down here.
Found a scroll labelled VODWESHREUSU.
c - a scroll labelled VODWESHREUSU You see here a +0 robe.
Found a scroll labelled DAGROU CY NAPH.
An adder comes into view.
h - a scroll labelled DAGROU CY NAPH
Found a mace.
A scorpion and an iguana come into view.
Found a stone staircase leading up.
Okay, then.
Unknown command.
An adder comes into view.
The helpless adder fails to defend itself.
You hit the adder. Your grab misses the adder. Your squeeze misses the adder.
The adder is lightly wounded.
The adder bites you. The adder barely misses you.
You closely miss the adder. You grab the adder.
The adder is lightly wounded.
You constrict the adder. The adder bites you.
You slash the adder!
The adder is almost dead.
You constrict the adder.
You kill the adder!
You have reached level 2!
You start resting.
HP restored.
Found 4 gold pieces.
Found a glowing golden altar of the Shining One.
Found a white marble altar of Elyvilon.
You now have 4 gold pieces.
Found 15 gold pieces.
Found a glowing silver altar of Zin.
You now have 19 gold pieces (gained 15).
Are you sure you want to abandon this character and quit the game? (Confirm with "yes".)

*,*,* #.###.....,,,,,**,*
*,*,* #.........,,,,***,*
*,*,* ##..##...,,,,,,,,,*
*,*,* ##.##,**,,********
*,,,* ♣8.8♣,**,,* **,,*
♣♣...♣♣**,,******** *,,*
♣♣.....♣♣*,,,,,,,,,* *,,*
♣...P...♣*,*******,,
*,,******♣._@.._.♣*,,,,******
*,,,,,,,*♣..._...♣*,,*,,,,^,,
*,*******♣♣.....♣♣**,,,,,,,,,
*,* ♣♣♣♣♣♣♣,,,,,,******
*,*********,*,* ******,* *
*,,,,,,,,,,,,,* *,* *
***********,*** *,* *
*,**********,* *
*,,,,,,,,,,,,* *


There were no monsters in sight!

Vanquished Creatures
  An adder (D:5)
1 creature vanquished.

Notes
Turn   | Place    | Note
-------+----------+-------------------------------------------
     0 | D:5      | Esekla the Octopode Delver began the quest for the Orb.
     0 | D:5      | Reached XP level 1. HP: 16/16 MP: 1/1
    42 | D:5      | Noticed a scorpion
    42 | D:5      | Noticed an iguana
    64 | D:5      | Reached XP level 2. HP: 17/21 MP: 2/2
    83 | D:5      | Found a glowing golden altar of the Shining One.
    84 | D:5      | Found a white marble altar of Elyvilon.
    86 | D:5      | Found a glowing silver altar of Zin.
    93 | D:5      | Quit the game

Illustrated notes

Levels and vault maps discovered:
D:5:      layout_loops_ring, good_gods_temple_1

Action                     || total
---------------------------++-------
  Melee: Falchion          ||     3
         Constrict         ||     1
    Use: Scroll            ||     1
   Stab: Sleeping          ||     1
  Dodge: Dodged            ||     1

Table legend: (Time is in decaauts)
 A = Elapsed time spent in this place.
 B = Non-inter-level travel time spent in this place.
 C = Inter-level travel time spent in this place.
 D = Time resting spent in this place.
 E = Time spent auto-exploring this place.
 F = Levels seen in this place.
 G = Mean time per level.
                   A        B        C        D        E       F      G
               +--------+--------+--------+--------+--------+-----+--------+
         Total |     93 |     93 |      0 |     13 |      0 |   1 |   93.0 |
       Dungeon |     93 |     93 |      0 |     13 |      0 |   1 |   93.0 |
               +--------+--------+--------+--------+--------+-----+--------+

Top non-repeatable levels by time:
     D:5: 93 daAuts
